 Dungeon Crawl Stone Soup version 0.24-a0-762-gca426f56c8 (webtiles) character file.

Game seed: 16581596716422959477, levelgen mode: deterministic

51 Kohma the Stinger (level 3, -1/24 HPs)
             Began as a Demonspawn Venom Mage on Oct 3, 2019.
             Was an Initiate of Kikubaaqudgha.
             Slain by an orc
             ... wielding a +0 dagger
              (3 damage)
             ... on level 4 of the Dungeon.
             The game lasted 00:06:02 (1839 turns).

Kohma the Stinger (Demonspawn Venom Mage)           Turns: 1839, Time: 00:06:02

Health: -1/24      AC:  4    Str:  8    XL:     3   Next: 58%
Magic:  6/6        EV: 11    Int: 17    God:    Kikubaaqudgha [......]
Gold:   68         SH:  0    Dex: 13    Spells: 0/6 levels left

rFire    + . .     SeeInvis .   f - +0 hunting sling
rCold    . . .     Gourm    .   (no shield)
rNeg     . . .     Faith    .   h - +0 leather armour
rPois    .         Spirit   .   (helmet restricted)
rElec    .         Reflect  .   (no cloak)
rCorr    .         Harm     .   i - +0 pair of gloves
MR       .....                  (no boots)
Stlth    ++........             (no amulet)
HPRegen  0.08/turn              (no ring)
MPRegen  0.10/turn              (no ring)

@: no status effects
A: horns 1, fire resistance 1
a: Renounce Religion


You were on level 4 of the Dungeon.
You worshipped Kikubaaqudgha.
Kikubaaqudgha was noncommittal.
You were not hungry.

You visited 1 branch of the dungeon, and saw 3 of its levels.

You collected 68 gold pieces.

Inventory:

Hand Weapons
 b - a +0 dagger
 f - a +0 hunting sling (weapon)
Missiles
 g - 16 sling bullets (quivered)
 m - 82 stones
 q - 29 bolts
Armour
 a - a +0 robe
 h - a +0 leather armour (worn)
 i - a +0 pair of gloves (worn)
 j - a +0 shield
Jewellery
 e - an uncursed ring of protection from cold {unknown}
Scrolls
 l - a scroll of amnesia {unknown}
 n - a scroll of remove curse
 o - a scroll of identify {unknown}
 p - a scroll of teleportation {unknown}
Potions
 k - 2 potions of lignification {unknown}
 r - a potion of curing {unknown}
 s - a potion of berserk rage {unknown}
Comestibles
 c - 4 rations
 d - 6 chunks of flesh


   Skills:
 - Level 1.7 Dodging
 - Level 1.7 Stealth
 + Level 2.4 Spellcasting
 * Level 2.1 Conjurations
 + Level 0.6 Air Magic
 * Level 3.6 Poison Magic


You couldn't memorise any spells.
You knew the following spells:

 Your Spells              Type           Power        Failure   Level  Hunger
a - Sting                 Conj/Pois      ##..         9%          1    #......
b - Poisonous Vapours     Pois/Air       #.....       17%         2    ##.....
c - Mephitic Cloud        Conj/Pois/Air  #.......     32%         3    ###....

Your spell library contained the following spells:

 Spells                   Type           Power        Failure   Level  Hunger
 Olgreb's Toxic Radiance  Pois           ##......     52%         4    #####..
 Venom Bolt               Conj/Pois      ##........   92%         5    ######.


Dungeon Overview and Level Annotations

Branches:
Dungeon (2/15)

Altars:
Kikubaaqudgha


Innate Abilities, Weirdness & Mutations

You have a pair of small horns on your head.
Your flesh is heat resistant. (rF+)


Message History

Okay, then.
The orc shouts!
Found a sapphire potion.
You see here 8 boomerangs.
A scorpion comes into view.
The orc hits you but does no damage. The orc closely misses you.
The phantom hits you but does no damage.
The worker ant bites you but does no damage.
The orc hits you with a +0 mace of crushing.
The orc priest invokes the aid of Beogh against you.
Beogh smites you!
Ouch! That really hurt!
* * * LOW HITPOINT WARNING * * *
The phantom closely misses you.
Found 17 sling bullets.
As you read the scroll labeled JATODA AQAUMEU, it crumbles to dust.
You feel blessed for a moment.
It was a scroll of remove curse.
The orc hits you with a +0 dagger.
You die...
Kikubaaqudgha rasps: "You have failed me!
Welcome... death!"

........#....(
.........#.....
########.o ......#.!...
#.......# #...........
#.).....# #.....s.....
#.......####..o........
#...........?.o........
#...........Z.o@..!....
#..........ooaoW.......
#.......(...ooh###+####
#......$.......#
#############'## #.#
#.# #.# #.#


You could see a phantom, a scorpion, a howler monkey, a worker ant, an orc
priest, 7 orcs and a quokka skeleton.

Vanquished Creatures
  An adder (D:2)
  An ooze (D:1)
  2 leopard geckos (D:1)
  An orc (D:2)
  A ball python (D:2)
  5 bats
  A giant cockroach (D:2)
  5 goblins
  7 hobgoblins
  3 frilled lizards (D:1)
  4 kobolds
  2 rats
33 creatures vanquished.

Notes
Turn   | Place    | Note
-------+----------+-------------------------------------------
     0 | D:1      | Kohma the Demonspawn Venom Mage began the quest for the
                  | Orb.
     0 | D:1      | Reached XP level 1. HP: 13/13 MP: 3/3
   410 | D:1      | Gained mutation: Your flesh is heat resistant. (rF+)
                  | [demonic ancestry]
   410 | D:1      | Reached XP level 2. HP: 19/19 MP: 5/5
   414 | D:1      | Learned a level 2 spell: Poisonous Vapours
  1306 | D:2      | Gained mutation: You have a pair of small horns on your
                  | head. [demonic ancestry]
  1306 | D:2      | Reached XP level 3. HP: 24/24 MP: 6/6
  1757 | D:2      | Found an ancient bone altar of Kikubaaqudgha.
  1779 | D:2      | Became a worshipper of Kikubaaqudgha
  1784 | D:2      | Learned a level 3 spell: Mephitic Cloud
  1822 | D:2      | You fall into a shaft and drop 2 floors!
  1833 | D:4      | Noticed a phantom
  1837 | D:4      | Noticed a scorpion
  1839 | D:4      | Slain by an orc

Levels and vault maps discovered:
D:1:      dpeg_chamrin_arrival_tetris, layout_loops_corners
D:2:      layout_basic, kiku_gazebo_pond_becter
D:4:      layout_basic

Skill      XL: |  1  2  3 |
---------------+----------+-----
Conjurations   | 2 |  2.1
Dodging        | |  1.7
Stealth        | |  1.7
Spellcasting   | |  2.4
Air Magic      | |  0.6
Poison Magic   | |  3.6

Action                   || total
-------------------------++-------
 Fire: Hunting sling     ||    40
 Cast: Sting             ||    32
  Use: Scroll            ||     1
  Eat: Chunk             ||     3
Armor: Leather armour    ||    11
Dodge: Dodged            ||    23

Table legend:
 A = Non-vault XP
 B = Vault XP
 C = Vault XP percentage of total XP
 D = Non-vault monster count
 E = Vault monster count
 F = Vault count percentage of total count
                 A         B        C        D         E       F
            +---------+---------+-------+---------+---------+-------
      Total |      74 |       0 |   0.0 |      33 |       0 |   0.0
            +---------+---------+-------+---------+---------+-------
        D:1 |      39 |       0 |   0.0 |      20 |       0 |   0.0
        D:2 |      35 |       0 |   0.0 |      13 |       0 |   0.0
            +---------+---------+-------+---------+---------+-------
